Map: Ulrena

Players

gnzotarukane

  • Race: Terran Terran
  • League: Silver

Shyvno - Winner!

  • Race: Terran Terran
  • League: Silver

VOD

Have the link to the VOD?

Description

Time

  • Played on: Dec. 5, 2015, 6:10 a.m.
  • Length: 8:22
Show
View Real Time Build Order
Export as new Build Order

gnzotarukane Terran 

Build Orders: Mech 

Get SALT Encoding   

  12  0:01  SCV  
  13  0:13  SCV  
  14  0:21  Supply Depot  
  14  0:27  Refinery  
  14  0:28  SCV  
  15  0:42  SCV  
  16  0:47  Barracks  
  16  0:54  SCV  
  17  1:08  SCV  
  18  1:38  Command Center  
  18  1:44  Orbital Command  
  18  1:56  Barracks Reactor  
  18  2:07  Factory  
  18  2:12  SCV  
  19  2:25  SCV  
  20  2:36  Marine x2  
  22  2:40  Supply Depot  
  22  2:41  Bunker  
  22  2:42  SCV  
  23  2:51  Orbital Command  
  23  2:58  Marine x2  
  23  3:00  Hellion  
  27  3:09  SCV  
  28  3:13  Refinery  
  28  3:23  Orbital Command  
  28  3:32  SCV  
  29  3:36  Hellion  
  31  3:41  Supply Depot  
  31  3:44  SCV  
  31  3:48  Supply Depot  
  32  3:49  SCV  
  32  3:55  Hellion  
  35  3:56  SCV  
  35  4:01  SCV  
  37  4:05  Engineering Bay  
  37  4:10  Armory  
  37  4:23  SCV  
  38  4:27  Starport  
  38  4:32  Hellion  
  38  4:34  Hellion  
  42  4:41  SCV  
  42  4:42  SCV  
  44  4:50  Supply Depot  
  44  5:06  SCV  
  44  5:07  SCV, Factory  
  46  5:10  Terran Vehicle Weapons Level 1  
  46  5:11  Factory  
  46  5:12  Barracks Reactor  
  46  5:15  Terran Infantry Weapons Level 1  
  46  5:19  SCV  
  47  5:32  Missile Turret  
  47  5:34  SCV  
  48  5:37  Hellion x2  
  52  5:43  SCV  
  52  5:45  Refinery  
  52  5:49  SCV  
  54  5:55  SCV  
  55  6:02  Armory, SCV  
  56  6:04  Factory Tech Lab  
  56  6:05  Factory Tech Lab  
  56  6:08  SCV  
  57  6:15  SCV, Refinery  
  58  6:20  SCV  
  59  6:25  Command Center  
  59  6:27  SCV  
  59  6:32  SCV  
  61  6:37  Starport Reactor  
  61  6:39  SCV  
  62  6:42  Siege Tank  
  62  6:44  SCV  
  62  6:45  Siege Tank  
  62  6:46  Supply Depot  
  62  6:47  Supply Depot  
  69  6:51  SCV  
  70  7:06  Supply Depot  
  70  7:07  SCV, Hellion x2  
  75  7:10  Supply Depot  
  75  7:11  Supply Depot  
  75  7:13  SCV  
  75  7:14  Siege Tank  
  79  7:18  Siege Tank  
  79  7:22  SCV  
  83  7:29  Hellion x2  
  87  7:30  Missile Turret  
  87  7:48  Siege Tank  
  87  7:49  SCV x2  
  87  7:50  Hellion x2  
  96  8:03  Missile Turret  
  96  8:04  Missile Turret  
Show
View Real Time Build Order
Export as new Build Order

Shyvno Terran - Winner!

Build Orders:  

Get SALT Encoding   

  12  0:01  SCV  
  13  0:13  SCV  
  14  0:18  Supply Depot  
  14  0:25  SCV  
  15  0:39  SCV  
  15  0:41  Barracks  
  16  0:51  SCV  
  16  0:53  Supply Depot  
  17  1:03  SCV  
  18  1:15  Refinery  
  18  1:18  Barracks  
  18  1:22  SCV  
  19  1:29  Marine  
  20  1:34  Orbital Command  
  20  1:56  Marine  
  20  2:01  SCV  
  22  2:05  Barracks Reactor  
  22  2:11  Barracks  
  22  2:13  SCV, Refinery  
  22  2:14  Marine  
  24  2:24  Supply Depot  
  24  2:25  SCV  
  25  2:32  Marine  
  26  2:37  SCV  
  26  2:42  Factory  
  27  2:45  Marine x2  
  29  2:52  SCV  
  30  2:58  Barracks Tech Lab  
  30  3:12  Command Center  
  30  3:19  Marine x2  
  32  3:22  Marauder  
  32  3:25  Factory Tech Lab  
  34  3:36  Bunker  
  34  3:37  SCV  
  34  3:39  Marine  
  34  3:40  Marine  
  37  3:53  Barracks Reactor  
  37  4:00  Supply Depot  
  37  4:01  Supply Depot  
  37  4:06  Starport  
  37  4:16  SCV  
  38  4:25  Siege Tank  
  38  4:28  SCV  
  42  4:34  SCV  
  43  4:40  SCV  
  43  4:42  Starport Reactor  
  44  4:46  SCV  
  45  4:56  Engineering Bay  
  45  4:57  Siege Tank, Engineering Bay  
  48  5:00  Armory  
  48  5:06  SCV x2  
  50  5:18  SCV  
  51  5:21  Marine  
  51  5:22  Marine x3  
  51  5:23  Marauder  
  51  5:26  Stimpack  
  57  5:31  Terran Infantry Weapons Level 1  
  57  5:35  Terran Infantry Armor Level 1  
  57  5:42  Orbital Command  
  57  5:46  Refinery  
  57  5:54  Barracks  
  57  6:04  Medivac  
  57  6:08  Medivac  
  61  6:14  SCV  
  61  6:15  SCV  
  63  6:20  Marine x4  
  63  6:21  Marauder  
  69  6:26  SCV  
  69  6:28  Supply Depot  
  69  6:31  Supply Depot  
  70  6:36  Supply Depot  
  70  6:41  Barracks Tech Lab  
  70  6:49  Marine x4  
  70  6:50  Marauder  
  76  7:00  Supply Depot  
  76  7:03  Supply Depot x2  
  76  7:13  Marine x2  
  76  7:14  Marine x2  
  76  7:15  Marauder  
  82  7:16  Concussive Shells, Marauder  
  82  7:46  Marine x2, Marauder x2  
  82  7:47  Marine x2  
  93  8:06  Command Center  
Tags
 
Composition
Mech
Matchup
TvT
Race
Terran
Add a new tag
Caveats
  • Supply blocks, unpowered buildings, or Contaminate may cause inaccurate times.
  • Supply counts are checked every 10 seconds.